 Dungeon Crawl Stone Soup version 0.23-a0-241-g3b46b07 (webtiles) character file.

140 mandick the Chiller (level 5, -2/35 HPs)
             Began as a Vampire Ice Elementalist on Sept 26, 2018.
             Was a Follower of Uskayaw.
             Slain by an orc
             ... wielding a +0 flail
              (11 damage)
             ... on level 3 of the Dungeon on Sept 27, 2018.
             The game lasted 00:09:33 (2580 turns).

mandick the Chiller (Vampire Ice Elementalist)      Turns: 2580, Time: 00:09:33

Health: -2/35      AC:  3    Str:  7    XL:     5   Next: 2%
Magic:  6/8        EV: 13    Int: 18    God:    Uskayaw [*.....]
Gold:   88         SH:  0    Dex: 15    Spells: 2/8 levels left

rFire    . . .     SeeInvis +   h - +0 dagger
rCold    + + .     Gourm    .   (no shield)
rNeg     + + +     Faith    .   a - +0 robe
rPois    ∞         Spirit   .   (no helmet)
rElec    .         Reflect  .   l - +0 cloak
rCorr    .         Harm     .   (no gloves)
MR       .....                  (no boots)
Stlth    ++++......             (no amulet)
HPRegen  0.00/turn              (no ring)
MPRegen  0.11/turn              (no ring)

@: bloodless, non-regenerating
A: fangs 3, see invisible, unbreathing
a: Bat Form, Stomp, Renounce Religion


You were on level 3 of the Dungeon.
You worshipped Uskayaw.
Uskayaw was noncommittal.
You were bloodless.

You visited 1 branch of the dungeon, and saw 3 of its levels.

You collected 88 gold pieces.

Inventory:

Hand Weapons
 h - a +0 dagger (weapon)
Missiles
 n - 2 javelins of returning (quivered)
 p - a throwing net
Armour
 a - a +0 robe (worn)
 g - a +0 shield
 l - a +0 cloak (worn)
Scrolls
 b - 6 scrolls of identify {unknown}
 e - a scroll of blinking {unknown}
 k - a scroll of remove curse {unknown}
 o - 2 scrolls of amnesia {unknown}
Potions
 c - 14 potions of blood
 d - 3 potions of haste {unknown}
 f - 2 potions of agility {unknown}
 i - a potion of might {unknown}
 j - 4 potions of brilliance {unknown}
 m - 2 potions of curing {unknown}


   Skills:
 - Level 2.2 Dodging
 - Level 3.1 Stealth
 + Level 2.4 Spellcasting
 + Level 1.1 Conjurations
 + Level 1.2 Charms
 + Level 5.0 Ice Magic


You had 2 spell levels left.
You knew the following spells:

 Your Spells              Type           Power        Failure   Level  Hunger
a - Freeze                Ice            ###.         2%          1    #......
b - Throw Frost           Conj/Ice       ##....       8%          2    ##.....
c - Ozocubu's Armour      Chrm/Ice       ##......     14%         3    ###....

Your spell library contained the following spells:

 Spells                   Type           Power        Failure   Level  Hunger
 Throw Icicle             Conj/Ice       ##......     43%         4    #####..
 Summon Ice Beast         Ice/Summ       ##......     52%         4    #####..


Dungeon Overview and Level Annotations

Branches:
Dungeon (3/15)

Altars:
Uskayaw


Innate Abilities, Weirdness & Mutations

You do not heal naturally.
You are immune to poison.
You have razor-sharp teeth.
You have supernaturally acute eyesight. (SInv)
You can survive without breathing.


Message History

Aim: an orc wizard, wielding a dagger and wearing a robe (almost dead, slightly You freeze the orc wizard.
You kill the orc wizard!
Your Ice Magic skill increases to level 5!
You have reached level 5!
You feel agile.
The orc is no longer sharing its pain.
A bat comes into view.
The bat moves out of view.
You can no longer pass through a line of other dancers.
There is a stone staircase leading up here.
Casting: Freeze (safe; 2% risk of failure)
Confirm with . or Enter, or press ? or * to list all spells.
Aiming: Freeze (safe; 2% risk of failure)
Press: ? - help, Shift-Dir - straight line, f - orc
Aim: an orc, wielding a flail You freeze the orc.
The orc is almost dead.
The orc hits you with a flail!
You die...

#..........# #.#
############ #.#
### ###########.#
#.# #...........#
#.####.#########.#
#............# #.#
#.#....#####.# #.#
#.#.#### #.#
#.#.#@.# ###
#.#.##o#
#.#.##.#####.#
#.#..........#
#....#.########
###..#........#
#.......####.##
#....#.......#
####.#########


You could see an orc.

Vanquished Creatures
  An orc wizard (D:3)
  6 adders
  A worm (D:2)
  2 dart slugs (D:1)
  2 leopard geckos (D:1)
  2 orcs (D:3)
  7 giant cockroaches
  7 goblins
  4 hobgoblins
  4 kobolds
  A quokka (D:2)
  4 bats
  2 frilled lizards
  9 rats
52 creatures vanquished.

Notes
Turn   | Place    | Note
-------+----------+-------------------------------------------
     0 | D:1      | mandick the Vampire Ice Elementalist began the quest for
                  | the Orb.
     0 | D:1      | Reached XP level 1. HP: 13/13 MP: 3/3
   689 | D:1      | Reached XP level 2. HP: 19/19 MP: 1/5
  1302 | D:2      | Reached skill level 4 in Ice Magic
  1351 | D:2      | Reached XP level 3. HP: 11/24 MP: 3/6
  1760 | D:2      | Learned a level 2 spell: Throw Frost
  1764 | D:2      | Learned a level 3 spell: Ozocubu's Armour
  1850 | D:2      | Found a hide-covered altar of Uskayaw.
  1858 | D:2      | Reached XP level 4. HP: 30/30 MP: 7/7
  1891 | D:2      | Became a worshipper of Uskayaw the Reveler
  1971 | D:2      | Reached * piety under Uskayaw
  2472 | D:3      | Reached skill level 1 in Conjurations
  2509 | D:3      | Reached ** piety under Uskayaw
  2512 | D:3      | Reached skill level 1 in Charms
  2513 | D:3      | Reached *** piety under Uskayaw
  2517 | D:3      | Reached **** piety under Uskayaw
  2520 | D:3      | Reached skill level 5 in Ice Magic
  2520 | D:3      | Reached XP level 5. HP: 9/35 MP: 0/8
  2580 | D:3      | Slain by an orc

Vault maps used:
D:1:      dpeg_arrival_tiny_c
D:2:      eat_drink_and_be_merry_uskayaw
D:3:      uniq_sigmund

Skill      XL: |  1  2  3  4 |
---------------+-------------+-----
Ice Magic      | 4 5 |  5.0
Conjurations   | 1 |  1.1
Charms         | 1 |  1.2
Dodging        | |  2.2
Stealth        | |  3.1
Spellcasting   | |  2.4

Action                   |  1- 3 |  4- 6 || total
-------------------------+-------+-------++-------
Melee: Unarmed           |    13 |       ||    13
       Bite              |     4 |     3 ||     7
       Dagger            |    54 |    30 ||    84
 Cast: Freeze            |    30 |    14 ||    44
       Throw Frost       |       |     2 ||     2
  Use: Potion            |     1 |       ||     1
 Stab: Sleeping          |     9 |     6 ||    15
       Paralysed         |       |     1 ||     1
Armor: Robe              |    12 |    11 ||    23
Dodge: Dodged            |    53 |    22 ||    75

Table legend:
 A = Non-vault XP
 B = Vault XP
 C = Vault XP percentage of total XP
 D = Non-vault monster count
 E = Vault monster count
 F = Vault count percentage of total count
                 A         B        C        D         E       F
            +---------+---------+-------+---------+---------+-------
      Total |     200 |       0 |   0.0 |      52 |       0 |   0.0
            +---------+---------+-------+---------+---------+-------
        D:1 |      32 |       0 |   0.0 |      15 |       0 |   0.0
        D:2 |     104 |       0 |   0.0 |      28 |       0 |   0.0
        D:3 |      64 |       0 |   0.0 |       9 |       0 |   0.0
            +---------+---------+-------+---------+---------+-------
